 Dungeon Crawl Stone Soup version 0.27.0-1-g7a089689b8 (webtiles) character file.

Game seed: 2149570526397443191

1346 dtburroughs the Chopper (level 8, -3/71 HPs)
             Began as a Minotaur Berserker on Aug 6, 2021.
             Was a Priest of Trog.
             Slain by an unseen horror (8 damage)
             ... on level 1 of the Abyss.
             The game lasted 00:09:25 (6063 turns).

dtburroughs the Chopper (Minotaur Berserker)        Turns: 6063, Time: 00:09:26

Health: -3/71      AC:  6    Str: 25    XL:     8   Next: 36%
Magic:  5/5        EV: 11    Int:  6    God:    Trog [***...]
Gold:   153        SH:  5    Dex: 17    Spells: 7/7 levels left

rFire    + . .     SeeInvis .   t - +4 hand axe "Roggu" {venom, rF+ Str+4}
rCold    . . .     Faith    .   o - +0 buckler
rNeg     . . .     Spirit   .   h - +0 chain mail
rPois    .         Reflect  .   (helmet restricted)
rElec    .         Harm     .   (no cloak)
rCorr    .         Rampage  .   (no gloves)
Will     .....     Rnd*Rage +   (no boots)
Stlth    ..........             (no amulet)
HPRegen  0.21/turn              c - +6 ring of dexterity
MPRegen  0.09/turn              (no ring)

@: about to teleport, unable to read
A: horns 2, retaliatory headbutt, [berserk 2], [deformed body], [deterioration
2], [low mp 2], [inability to read while threatened]
a: Renounce Religion, Berserk, Trog's Hand


You were on level 1 of the Abyss.
You worshipped Trog.
Trog was most pleased with you.
You visited 1 branch of the dungeon, and saw 5 of its levels.
You visited the Abyss 1 time.

You collected 153 gold pieces.

Inventory:

Hand Weapons
 l - a +2 vorpal hand axe
 m - a +0 morningstar
 t - the +4 hand axe "Roggu" (weapon) {venom, rF+ Str+4}
   (You took it off an orc wizard on level 5 of the Dungeon)

   It poisons the flesh of those it strikes.
   Str:       It affects your strength (+4).
   rF:        It protects you from fire.
Armour
 h - a +0 chain mail (worn)
 o - a +0 buckler (worn)
Jewellery
 c - a +6 ring of dexterity (left hand)
Wands
 i - a wand of mindburst (11)
Scrolls
 a - a scroll of enchant weapon {unknown}
 b - 3 scrolls of identify
 f - a scroll of silence {unknown}
 g - a scroll of teleportation
 k - a scroll of magic mapping {unknown}
 n - a scroll of enchant armour {unknown}
 p - a scroll of vulnerability {unknown}
Potions
 d - 3 potions of flight {unknown}
 e - 2 potions of berserk rage {unknown}
 j - 2 potions of degeneration {unknown}
 q - 2 potions of heal wounds {unknown}
 r - a potion of mutation {unknown}
 s - a potion of lignification {unknown}


   Skills:
 + Level 6.6 Fighting
 + Level 6.6 Axes
 + Level 5.9 Armour
 + Level 5.4 Dodging
 + Level 3.4 Shields
 + Level 2.5 Evocations


You had 7 spell levels left.
You didn't know any spells.
Your spell library was empty.

Dungeon Overview and Level Annotations

Branches:
Dungeon (5/15)
 Temple: D:4-7

Altars:
Ashenzari
Uskayaw

Shops:
D:2 [   D:5 (


Innate Abilities, Weirdness & Mutations

You have a pair of horns on your head.
You reflexively headbutt those who attack you in melee.
[You often lose your temper in combat.]
[Armour fits poorly on your strangely shaped body.]
[Your body often deteriorates upon taking damage.]
[Your magical capacity is very low. (-20% MP)]
[You sometimes lose the ability to read scrolls when taking damage.]


Message History

The wretched star pulses with an eldritch light!
You feel a little pissed off.
You feel angry. Something hits you but does no damage.
Something hits you but does no damage.
You see here a scroll of identify.
b - 3 scrolls of identify (gained 1)
Something hits you. Something hits you but does no damage.
You block something's attack.
The wretched star pulses with an eldritch light!
You feel less energetic. x2
Something hits you. You block something's attack.
Something hits you but does no damage. Something hits you. Something hits you.
Something hits you. Something completely misses you. Something hits you. x2
Something hits you but does no damage. Something hits you!
As you read the scroll of teleportation, it crumbles to dust.
You feel strangely unstable.
You feel the power of the Abyss delaying your translocation!
Something hits you but does no damage.
The wretched star glows turbulently.
The lance of force hits you!!
* * * LOW HITPOINT WARNING * * *
You are knocked back by the lance of force.
You slam into the rock wall!
* * * LOW HITPOINT WARNING * * *
The wretched star pulses with an eldritch light!
Your body twists and deforms.
You lose the ability to read scrolls when threatened.
You block something's attack. Something hits you.
* * * LOW HITPOINT WARNING * * *
The wretched star pulses with an eldritch light!
You feel yourself wasting away.
You feel your body start to fall apart. Something hits you!
You feel threatened and lose the ability to read scrolls!
You die...

..# .. #.. #..
#.. #.###
#...# #@##
#..ยง# #..##
#.
#..######...
#.....#. #
###.*..## # #
##
.......D##.#..
. ## .
#..####...#..
..##.. .
....#...#..#.#
.. .


You could see a bone dragon and a wretched star.

Vanquished Creatures
  An ice beast (D:5)
  A sky beast (D:5)
  An ogre (D:4)
  A phantom (D:4)
  A bullfrog (D:5)
  2 scorpions
  A water moccasin skeleton (D:5)
  A centaur zombie (D:5)
  A jelly (D:5)
  2 bullfrog zombies (D:5)
  2 orc priests
  A gnoll shaman (D:5)
  Terence (D:2)
  3 iguanas
  5 orc wizards
  4 adders
  15 gnolls
  2 adder skeletons (D:4)
  3 worms
  4 dart slugs
  28 orcs
  8 ball pythons
  6 bats
  7 endoplasms
  3 giant cockroaches
  9 goblins
  4 hobgoblins
  5 quokkas
  3 frilled lizards
  6 kobolds
  3 rats (D:1)
134 creatures vanquished.

Notes
Turn   | Place    | Note
-------+----------+-------------------------------------------
     0 | D:1      | dtburroughs the Minotaur Berserker began the quest for the
                  | Orb.
     0 | D:1      | Reached XP level 1. HP: 19/19 MP: 0/0
   245 | D:1      | Reached XP level 2. HP: 26/27 MP: 1/1
   606 | D:2      | Reached ** piety under Trog
   628 | D:2      | Reached XP level 3. HP: 20/33 MP: 2/2
   915 | D:2      | Noticed Terence
   921 | D:2      | Killed Terence
   922 | D:2      | Reached XP level 4. HP: 41/41 MP: 3/3
  1467 | D:2      | Found Foquinu's Armour Boutique.
  1844 | D:2      | Found a faded altar of an unknown god.
  2066 | D:3      | Reached XP level 5. HP: 40/47 MP: 4/4
  2237 | D:3      | Reached *** piety under Trog
  2248 | D:3      | Reached skill level 5 in Fighting
  2248 | D:3      | Reached skill level 5 in Axes
  2574 | D:3      | Found a broken altar of Ashenzari.
  3168 | D:3      | Found a hide-covered altar of Uskayaw.
  3271 | D:4      | Reached XP level 6. HP: 50/56 MP: 5/5
  3734 | D:4      | Reached skill level 1 in Shields
  3745 | D:4      | Reached XP level 7. HP: 46/61 MP: 6/6
  4142 | D:4      | Reached skill level 5 in Armour
  4142 | D:4      | Reached skill level 1 in Evocations
  4173 | D:5      | Entered Level 5 of the Dungeon
  4656 | D:5      | Reached skill level 5 in Dodging
  4908 | D:5      | Reached XP level 8. HP: 43/70 MP: 7/7
  5511 | D:5      | Identified the +4 hand axe "Roggu" {venom, rF+ Str+4}
  5568 | D:5      | Reached **** piety under Trog
  5861 | D:5      | Found Myal's Weapon Emporium.
  6009 | D:5      | Cast into level 1 of the Abyss (gnoll)
  6010 | Abyss:1  | Found a shadowy altar of Dithmenos.
  6040 | Abyss:1  | Noticed a bone dragon
  6041 | Abyss:1  | Noticed a wretched star
  6063 | Abyss:1  | Slain by an unseen horror

Illustrated notes

Levels and vault maps discovered:
D:1:      psy_arrival_conway, layout_rooms
D:2:      layout_loops_ring, shapermc_ecumenical_altar_mp_highgroup,
          serial_shops, shop, grunt_decor_clamped, uniq_terence
D:3:      layout_loops_ring, nicolae_uskayaw_suspiria,
          nicolae_ashenzari_skybound
D:4:      layout_basic
D:5:      layout_cave_pools, serial_shops, nicolae_inconvenience_store,
          chequers_serial_rivers_micro_c, kennysheep_generic_room_11
Abyss:1:  base:
D:1

Skill      XL: |  1  2  3  4  5  6  7  8 |
---------------+-------------------------+-----
Fighting       | 4 5 6 |  6.6
Axes           | 4 5 6 |  6.6
Armour         | 3 4 5 |  5.9
Dodging        | 3 4 5 |  5.4
Shields        | 1 2 3 |  3.4
Evocations     | 2 |  2.5

Action                   |  1- 3 |  4- 6 |  7- 9 || total
-------------------------+-------+-------+-------++-------
Melee: Hand axe          |    56 |   130 |   123 ||   309
       Headbutt          |    12 |    35 |    35 ||    82
Invok: Berserk           |     1 |     1 |     2 ||     4
       Trog's Hand       |       |     2 |     3 ||     5
  Use: Scroll            |       |       |     2 ||     2
Armor: Scale mail        |    27 |       |       ||    27
       Chain mail        |       |    44 |    63 ||   107
Dodge: Dodged            |    33 |    40 |    51 ||   124
Block: Buckler           |       |     4 |    27 ||    31
